 Dungeon Crawl Stone Soup version 0.20-a0-927-g1ae2c61 (webtiles) character file.

321 galech the Ruffian (level 6, -2/59 HPs)
             Began as a Troll Monk on Mar 28, 2017.
             Slain by a gnoll
             ... wielding a +0 halberd
              (8 damage)
             ... on level 3 of the Dungeon.
             The game lasted 00:03:09 (1832 turns).

galech the Ruffian (Troll Monk)                     Turns: 1832, Time: 00:03:10

Health: -2/59      AC:  5    Str: 22    XL:     6   Next: 22%
Magic:  5/5        EV: 11    Int:  6    God:
Gold:   101        SH:  0    Dex: 12    Spells: 5/5 levels left

rFire    . . .     SeeInvis .     - Unarmed
rCold    . . .     Gourm    +   (no shield)
rNeg     . . .     Faith    .   a - +0 robe
rPois    .         Spirit   .   (helmet restricted)
rElec    .         Reflect  .   (no cloak)
rCorr    .         Harm     .   (gloves unavailable)
MR       .....     Rnd*Tele +   (boots unavailable)
Stlth    ++........             (no amulet)
Regen    0.6/turn               k - ring of teleportation (curse)
MPRegen  0.1/turn               (no ring)

@: no status effects
A: unfitting armour, claws 3, fast metabolism 3, gourmand, regeneration 1,
shaggy fur 1, tough skin 2
a: no special abilities


You were on level 3 of the Dungeon.
You were completely stuffed.

You visited 1 branch of the dungeon, and saw 3 of its levels.

You collected 101 gold pieces.

Inventory:

Armour
 a - a +0 robe (worn)
Jewellery
 k - a cursed ring of teleportation (left claw)
Scrolls
 e - a scroll of fog
 g - a scroll of random uselessness
 i - a scroll of immolation
 j - a scroll of enchant armour
 m - 2 scrolls of identify
Potions
 c - a potion of heal wounds {unknown}
 h - a potion of curing {unknown}
 l - a potion of mutation {unknown}
Comestibles
 b - 4 bread rations
 d - 7 chunks of flesh
 f - 3 meat rations
 n - a royal jelly


   Skills:
 + Level 2.8 Fighting
 + Level 3.3 Dodging
 + Level 2.0 Stealth
 + Level 5.4 Unarmed Combat


You had 5 spell levels left.
You didn't know any spells.

Dungeon Overview and Level Annotations

Branches:
Dungeon (3/15)

Altars:
Fedhas
Kikubaaqudgha
Yredelemnul


Innate Abilities, Weirdness & Mutations

You are too large for most types of armour.
You have claws for hands.
Your metabolism is lightning-fast.
You like to eat raw meat.
Your natural rate of healing is unusually fast.
You are covered in fur. (AC +1)
You have very tough skin. (AC +2)


Message History

You claw the quokka!
You kill the quokka!
The gnoll misses you.
You see here a quokka corpse.
You claw the gnoll!
The gnoll is almost dead.
The gnoll hits you with a halberd! The gnoll barely misses you.
The gnoll hits you from afar with a spear.
You barely miss the gnoll.
The gnoll is almost dead.
The gnoll hits you from afar with a spear!
The gnoll hits you with a halberd!
* * * LOW HITPOINT WARNING * * *
The gnoll closely misses you.
You scratch the gnoll.
You kill the gnoll!
The gnoll hits you from afar with a spear!
* * * LOW HITPOINT WARNING * * *
The gnoll hits you from afar with a halberd!
You die...

#.......#####
#####....รท.......
...........(.....
...##............ ###
#.........###
###.......# ########
#.......# #......#
#.......####g.....####
##......'.@)gK.......#
#......#####........#
#......# #........#
#......# #..g.....#
#....###
######(######. #....#
#..(K....... #....#
#........... #....#
#...[....... #....#
#......$....


You could see 2 gnolls and a kobold.

Vanquished Creatures
  Sigmund (D:3)
  Jessica (D:2)
  Natasha (twice) (D:3)
  Robin (D:2)
  2 gnolls (D:3)
  4 worms
  2 dart slugs
  3 bats
  2 gnoll zombies (D:2)
  16 goblins
  5 hobgoblins
  3 jackals (D:1)
  A quokka (D:3)
  4 frilled lizards
  6 kobolds
  4 rats
57 creatures vanquished.

Notes
Turn   | Place    | Note
-------+----------+-------------------------------------------
     0 | D:1      | galech the Troll Monk began the quest for the Orb.
     0 | D:1      | Reached XP level 1. HP: 22/22 MP: 0/0
   231 | D:1      | Reached XP level 2. HP: 23/29 MP: 1/1
  1002 | D:2      | Noticed Jessica
  1016 | D:2      | Killed Jessica
  1016 | D:2      | Reached XP level 3. HP: 30/36 MP: 2/2
  1161 | D:2      | Found a blossoming altar of Fedhas.
  1298 | D:2      | Found an ancient bone altar of Kikubaaqudgha.
  1310 | D:2      | Noticed Robin
  1323 | D:2      | Reached XP level 4. HP: 28/44 MP: 3/3
  1335 | D:2      | Killed Robin
  1335 | D:2      | Reached skill level 4 in Unarmed Combat
  1555 | D:2      | Found a basalt altar of Yredelemnul.
  1646 | D:3      | Noticed Sigmund
  1664 | D:3      | Killed Sigmund
  1664 | D:3      | Reached skill level 5 in Unarmed Combat
  1664 | D:3      | Reached XP level 5. HP: 43/52 MP: 4/4
  1670 | D:3      | Noticed Natasha
  1683 | D:3      | Killed Natasha
  1683 | D:3      | Reached XP level 6. HP: 19/59 MP: 5/5
  1754 | D:3      | Noticed Natasha
  1762 | D:3      | Killed Natasha
  1832 | D:3      | Slain by a gnoll

Vault maps used:
D:1:      nagdon_arrival_zigzag_paths
D:2:      lemuel_zombie_altar_yredelemnul, overflow_temple_1_default,
          first_bread, fedhas_altar_3, uniq_jessica, uniq_robin
D:3:      uniq_natasha, uniq_crazy_yiuf_cottage, uniq_sigmund

Skill      XL: |  1  2  3  4  5  6 |
---------------+-------------------+-----
Dodging        | 3 |  3.3
Unarmed Combat | 5 |  5.4
Stealth        | 2 |  2.0
Fighting       | |  2.8

Action                   |  1- 3 |  4- 6 || total
-------------------------+-------+-------++-------
Melee: Unarmed           |    76 |    80 ||   156
       Punch             |     3 |     1 ||     4
  Use: Scroll            |       |     5 ||     5
 Stab: Sleeping          |     4 |     2 ||     6
       Distracted        |       |     1 ||     1
  Eat: Chunk             |    15 |     7 ||    22
Armor: Robe              |    39 |    21 ||    60
Dodge: Dodged            |    48 |    40 ||    88
